 Dungeon Crawl Stone Soup version 0.21-a0-228-g14ccbf3 (webtiles) character file.

44893 Gorglomux the Carver (level 14, -3/79 HPs)
             Began as a Vine Stalker Berserker on Aug 31, 2017.
             Was a High Priest of Trog.
             Killed from afar by an elephant (14 damage)
             ... with an exploding inner flame
             ... hexed by the player character
             ... on level 6 of the Lair of Beasts.
             The game lasted 00:33:04 (14731 turns).

Gorglomux the Carver (Vine Stalker Berserker)      Turns: 14731, Time: 00:33:05

Health: -3/79      AC: 24    Str: 22    XL:     14   Next: 30%
Magic:  0/5        EV: 17    Int:  7    God:    Trog [*****.]
Gold:   789        SH:  0    Dex: 17    Spells: 13/13 levels left

rFire    . . .     SeeInvis .   a - +4 great sword (antimagic) {god gift}
rCold    . . .     Gourm    .   (shield currently unavailable)
rNeg     . . .     Faith    .   E - +0 plate armour
rPois    .         Spirit   +   U - +1 helmet
rElec    .         Reflect  .   I - +2 cloak
rCorr    .         Harm     .   D - +0 pair of gloves
MR       ++++.                  u - +1 pair of boots {run}
Stlth    ..........             r - amulet of regeneration
HPRegen  2.43/turn              x - +4 ring of evasion
MPRegen  0.09/turn              m - ring of protection from magic

@: regenerating, quick
A: fangs 3, regeneration 2, magic shield, antimagic bite, no potion heal 3, rot
immunity
a: Berserk, Trog's Hand, Brothers in Arms, Burn Spellbooks, Renounce Religion


You were on level 6 of the Lair of Beasts.
You worshipped Trog.
Trog was extremely pleased with you.
You were hungry.

You visited 2 branches of the dungeon, and saw 18 of its levels.
You also visited: Ossuary.

You collected 1004 gold pieces.
You spent 215 gold pieces at shops.

Inventory:

Hand Weapons
 a - a +4 antimagic great sword (weapon) {god gift}
 b - a +0 rapier
 C - a +0 scimitar
Armour
 u - a +1 pair of boots of running (worn)
 D - a +0 pair of gloves (worn)
 E - a +0 plate armour (worn)
 I - a +2 cloak (worn)
 U - a +1 helmet (worn)
Jewellery
 c - an uncursed ring of protection from cold
 m - a ring of protection from magic (right hand)
 r - an amulet of regeneration (around neck)
 x - a +4 ring of evasion (left hand)
 B - a +4 ring of protection
Wands
 L - a wand of lightning (4/15)
 P - a wand of paralysis (9/24)
 S - a wand of scattershot (2/9)
Scrolls
 j - 2 scrolls of immolation
 k - 2 scrolls of recharging
 y - a scroll of remove curse
 A - a scroll of fog
 G - a scroll of holy word
 M - 5 scrolls of magic mapping
 N - a scroll of enchant weapon
 O - a scroll of enchant armour
 R - 9 scrolls of identify
 T - 4 scrolls of teleportation
Potions
 s - 2 potions of might
 t - 2 potions of resistance
 w - 2 potions of ambrosia
 F - 2 potions of agility
 H - 3 potions of mutation {!q}
 J - a potion of cancellation
 K - 3 potions of lignification
 Q - 10 potions of curing
 V - a potion of haste
 W - 3 potions of berserk rage
 X - 5 potions of flight
Comestibles
 i - 23 royal jellies
 v - 17 fruits
 z - 5 meat rations
 Y - 16 bread rations


   Skills:
 + Level 11.3 Fighting
 + Level 11.6 Long Blades
 + Level 10.6 Armour
 + Level 10.8 Dodging


You had 13 spell levels left.
You didn't know any spells.

Dungeon Overview and Level Annotations

Branches:
Dungeon (12/15)            Temple (0/1) D:5            Lair (6/6) D:10
  Swamp (0/4) Lair:2        Snake (0/4) Lair:4        Slime (0/5) Lair:6
    Orc (0/2) D:10

Altars:
Kikubaaqudgha
Qazlal
Ru
Trog
Uskayaw
Vehumet
Xom

Shops:
D:6 *

Annotations:
D:8 2 transporters, exclusion: obsidian statue
D:11 exclusion: orange crystal statue
Lair:3 exclusion: 2 oklob plants


Innate Abilities, Weirdness & Mutations

You have razor-sharp teeth.
You heal very quickly.
When hurt, damage is shared between your health and your magic reserves.
Your bite disrupts and absorbs the magic of your enemies.
Potions cannot restore your health.
You are immune to rotting.


Message History

The elephant explodes!!!
The fiery explosion engulfs you!!! * * * don't die
* * * Trog roars: ANNIHILATED!
The fiery explosion engulfs the yak!
The yak explodes!!!
The fiery explosion engulfs the yak!
The yak explodes!!!
The fiery explosion engulfs the yak!
The yak is heavily wounded!
The butt explosion engulfs the yak!
The yak explodes!!!
The butt explosion engulfs the yak!
The yak explodes!!!
The fiery explosion engulfs the yak!
The yak is almost dead!
Trog roars: ANNIHILATED! x5; Butt roars: ANNIHILATED!
Trog roars: ANNIHILATED!
Trog roars: BUTT! x2
The fiery explosion engulfs you!!! rip

#####......
#.P%...........Y.
####.P.....%..%...Y.
#...%.....§§§.......
#....%....§§§.....F.
##%..%...§§§§.%.Y...
#.....†#§#§§%..Y.F.
#.....#§§§#§Y......
##..#†§@§§§§§§Y.....
#....##§§§§#§§......
##..######§###......
##..### ### ......
####.....## ..<.#
##.#.......# ....#
#.#.........####
...#
#..............##
#..#
#..........†..#.# #


You could see 2 yaks.

Vanquished Creatures
  Fannar (D:11)
  6 hydras
  Harold (D:11)
  A centaur warrior (D:11)
  A catoblepas (Lair:4)
  The ghost of motkurip the Sneak, a novice NaWn of Cheibriados (D:9)
  2 two-headed ogres
  Urug (D:11)
  Pikel (D:6)
  An ugly thing (D:11)
  19 elephants
  Psyche (D:11)
  2 centaur zombies (D:11)
  3 black mambas
  A centaur skeleton (D:10)
  13 spiny frogs
  A torpor snail (Lair:5)
  A gargoyle (D:11)
  4 komodo dragons
  2 rime drakes
  A queen bee (D:9)
  A slime creature (Lair:5)
  4 trolls
  4 dream sheep (Lair:2)
  A blink frog (Lair:6)
  5 hippogriffs
  A spriggan (D:9)
  The ghost of Syneil the Destroyer, an amateur DECj (D:3)
  A wraith (D:11)
  3 wyverns
  3 basilisks
  32 yaks
  2 hungry ghosts (D:10)
  4 swamp worms (Lair:2)
  12 water moccasins
  8 porcupines
  4 orc warriors
  4 sky beasts
  3 phantoms
  2 ice beasts (D:8)
  3 necrophages
  17 wolves
  2 slaves (D:6)
  2 centaurs
  8 ogres
  10 crocodiles
  Blork the orc (D:6)
  17 bullfrogs
  A gnoll sergeant (D:7)
  A water moccasin zombie (Ossuary)
  A water moccasin skeleton (D:9)
  4 scorpions
  32 killer bees
  4 howler monkeys
  An electric eel (Lair:2)
  4 crimson imps
  A bullfrog zombie (D:5)
  5 hounds
  Crazy Yiuf (D:5)
  7 orc priests
  3 jellies (Lair:5)
  6 orc wizards
  2 iguanas
  10 worker ants
  7 big kobold zombies (Ossuary)
  A hound skeleton (D:9)
  2 mummies (Ossuary)
  A worker ant zombie (D:11)
  7 gnolls
  7 adders
  3 shadow imps
  3 oozes
  7 adder zombies
  2 adder skeletons
  2 worms (D:2)
  A dart slug (D:2)
  30 orcs
  2 ball pythons
  5 giant cockroaches
  4 gnoll zombies (Ossuary)
  2 hobgoblins
  12 jackals
  5 quokkas
  4 bats
  7 frilled lizards
  9 goblins
  2 hobgoblin zombies (Ossuary)
  10 kobolds
  5 kobold zombies (Ossuary)
  2 leopard gecko skeletons
  4 orc zombies (Ossuary)
  A quokka skeleton (D:5)
  9 rats
458 creatures vanquished.

Vanquished Creatures (others)
  A giant cockroach zombie (D:5)
  2 bushes (Lair:6)
  6 fungi
  9 plants
18 creatures vanquished.

Grand Total: 476 creatures vanquished

Notes
Turn   | Place    | Note
-------+----------+-------------------------------------------
     0 | D:1      | Gorglomux the Vine Stalker Berserker began the quest for the Orb.
     0 | D:1      | Reached XP level 1. HP: 11/11 MP: 2/2
   240 | D:1      | Reached skill level 3 in Fighting
   262 | D:1      | Reached XP level 2. HP: 14/16 MP: 3/3
   359 | D:1      | Reached skill level 3 in Long Blades
  1158 | D:2      | Reached XP level 3. HP: 20/20 MP: 1/4
  1289 | D:1      | HP: 1/20 [jackal (1)]
  1771 | D:2      | Reached ** piety under Trog
  1934 | D:2      | Gained mutation: Your natural rate of healing is unusually fast. [Vine Stalker growth]
  1934 | D:2      | Reached XP level 4. HP: 22/24 MP: 5/5
  2286 | D:3      | Noticed Syneil's ghost (amateur DECj)
  2296 | D:3      | Killed Syneil's ghost
  2296 | D:3      | Reached XP level 5. HP: 15/29 MP: 2/6
  2296 | D:3      | Reached XP level 6. HP: 17/33 MP: 2/7
  2331 | D:3      | Found a hide-covered altar of Uskayaw.
  2504 | D:3      | Found an ancient bone altar of Kikubaaqudgha.
  3156 | D:4      | Reached skill level 3 in Dodging
  3207 | D:4      | Reached skill level 3 in Armour
  3207 | D:4      | Reached XP level 7. HP: 38/38 MP: 4/8
  3619 | D:4      | Found a shimmering altar of Xom.
  3759 | D:5      | Entered Level 5 of the Dungeon
  3857 | D:5      | Found a stormy altar of Qazlal.
  3880 | D:5      | Gained mutation: You have razor-sharp teeth. [Vine Stalker growth]
  3880 | D:5      | Reached XP level 8. HP: 42/42 MP: 9/9
  3987 | D:5      | Found a staircase to the Ecumenical Temple.
  4450 | D:5      | Reached *** piety under Trog
  4490 | D:5      | Found a runed door.
  4494 | D:5      | Noticed Crazy Yiuf
  4499 | D:5      | Killed Crazy Yiuf
  4648 | D:6      | Found a sand-covered staircase.
  4656 | Ossuary  | Entered an ossuary
  4935 | D:6      | Noticed Pikel
  4950 | D:6      | Killed Pikel
  4950 | D:6      | Reached **** piety under Trog
  4950 | D:6      | Reached skill level 6 in Fighting
  4950 | D:6      | Reached skill level 6 in Long Blades
  4950 | D:6      | Reached XP level 9. HP: 48/48 MP: 10/10
  4965 | D:6      | Received a gift from Trog
  5170 | D:6      | Noticed Blork the orc
  5188 | D:6      | Killed Blork the orc
  5297 | D:6      | Found a bloodstained altar of Trog.
  5442 | D:6      | Found Cib Osef's Assorted Antiques.
  5448 | D:6      | Bought a scroll of identify for 56 gold pieces
  5448 | D:6      | Bought a scroll labeled KOOSADDYNIO for 28 gold pieces
  5448 | D:6      | Bought a cyan potion for 25 gold pieces
  5448 | D:6      | Bought a scroll labeled UQIMMU PEUTOXO for 28 gold pieces
  5448 | D:6      | Bought a cyan potion for 25 gold pieces
  5448 | D:6      | Bought an emerald potion for 25 gold pieces
  5448 | D:6      | Bought a scroll labeled KOOSADDYNIO for 28 gold pieces
  5546 | D:7      | Reached XP level 10. HP: 53/53 MP: 11/11
  5653 | D:7      | Reached skill level 6 in Dodging
  5751 | D:7      | Reached skill level 6 in Armour
  6226 | D:8      | Noticed a cyclops
  6228 | D:8      | Noticed a wolf spider
  6230 | D:8      | Noticed a great orb of eyes
  6232 | D:8      | Found a transporter.
  6232 | D:8      | Found a transporter.
  6232 | D:8      | Noticed an obsidian statue
  6764 | D:9      | Noticed motkurip's ghost (novice NaWn)
  6773 | D:9      | Killed motkurip's ghost
  6908 | D:9      | Reached ***** piety under Trog
  6921 | D:9      | Reached XP level 11. HP: 60/60 MP: 12/12
  7064 | D:9      | Noticed a two-headed ogre
  7099 | D:9      | Killed a two-headed ogre
  7551 | D:9      | Found a sacrificial altar of Ru.
  7841 | D:10     | Entered Level 10 of the Dungeon
  7872 | D:10     | Found a staircase to the Lair.
  8202 | D:10     | Found a staircase to the Orcish Mines.
  8511 | D:10     | Reached skill level 9 in Long Blades
  8861 | D:11     | Found a radiant altar of Vehumet.
  8905 | D:11     | Noticed a centaur warrior
  8923 | D:11     | Killed a centaur warrior
  9201 | D:11     | Noticed a two-headed ogre
  9206 | D:11     | Killed a two-headed ogre
  9206 | D:11     | Reached skill level 9 in Fighting
  9218 | D:11     | Noticed Fannar
  9261 | D:11     | Killed Fannar
  9261 | D:11     | Gained mutation: You heal very quickly. [Vine Stalker growth]
  9261 | D:11     | Reached XP level 12. HP: 54/66 MP: 6/13
  9320 | D:11     | Noticed Harold
  9335 | D:11     | Killed Harold
  9430 | D:11     | Noticed Urug
  9443 | D:11     | Killed Urug
  9523 | D:11     | Noticed Psyche
  9553 | D:11     | Killed Psyche
  9624 | D:11     | Received a gift from Trog
  9774 | Lair:1   | Entered Level 1 of the Lair of Beasts
  9796 | Lair:1   | Reached skill level 9 in Dodging
  9992 | Lair:1   | Identified a +1 pair of boots of running (You found it on level 1 of the Lair of Beasts)
 10415 | Lair:1   | Reached skill level 9 in Armour
 10620 | Lair:2   | Noticed a seven-headed hydra
 10720 | Lair:2   | Killed a seven-headed hydra
 10804 | Lair:2   | Received a gift from Trog
 11345 | Lair:2   | Reached XP level 13. HP: 53/72 MP: 14/14
 11365 | Lair:2   | Found a staircase to the Swamp.
 12511 | Lair:4   | Found a staircase to the Snake Pit.
 13775 | Lair:5   | Received a gift from Trog
 14047 | Lair:6   | Entered Level 6 of the Lair of Beasts
 14047 | Lair:6   | Found a staircase to the Slime Pits.
 14446 | Lair:6   | Reached XP level 14. HP: 79/79 MP: 15/15
 14731 | Lair:6   | Killed from afar by an elephant

Vault maps used:
D:1:      eino_arrival_water_star, serial_glass, glass_columns_a,
          glass_columns_b, item_on_display_a, minmay_strange_pillars,
          feat_on_display, minmay_strange_pillars, st_stairs_14
D:3:      kiku_gazebo_pond_becter, eat_drink_and_be_merry_uskayaw
D:4:      nicolae_overflow_crystal_walls, due_unseen_surprise
D:5:      grunt_qazlal_sundering, lemuel_temple_firewalk_b, first_bread,
          uniq_crazy_yiuf_cottage
D:6:      lemuel_upstairs_altar, nicolae_ossuary_entry_plus, serial_shops,
          nicolae_shop_behind_doors, bloody_trog, uniq_blork_the_orc, uniq_pikel
D:8:      gammafunk_sealed_arena
D:9:      marbit_many_paths, special_room, the_bakery
D:10:     david_lair_generic, orc_0_dummy
D:11:     minmay_distorted_concentric_squares, basic_altar,
          minmay_statue_bubble, uniq_urug, uniq_harold, uniq_psyche,
          uniq_gastronok, uniq_fannar
D:12:     minmay_misc_feat_rows, hangedman_glass_teeth
Lair:1:   grunt_megastairs_3
Lair:2:   nicolae_swamp_entry_splash_gauntlet
Lair:3:   minmay_lair_oklob_chamber
Lair:4:   dummy_snake_entry, grunt_megastairs_1, infiniplex_staircase_pool_2
Lair:6:   wormcave, minmay_slime_entry_pillars
Ossuary:  ossuary_tomb_2

Skill      XL: |  1  2  3  4  5  6  7  8  9 10 11 12 13 |
---------------+----------------------------------------+-----
Fighting       | 3 4 6 8 9 10 11 | 11.3
Long Blades    | 3 4 6 8 9 10 11 | 11.6
Dodging        | 2 3 5 7 8 9 10 | 10.8
Armour         | 2 3 5 6 8 9 10 | 10.6

Action                   |  1- 3 |  4- 6 |  7- 9 | 10-12 | 13-15 || total
-------------------------+-------+-------+-------+-------+-------++-------
Melee: Falchion          |    81 |    67 |       |       |       ||   148
       Bite              |    20 |    23 |   162 |   321 |   215 ||   741
       Scimitar          |       |       |   318 |   622 |   334 ||  1274
       Rapier            |       |       |       |     3 |    36 ||    39
       Great sword       |       |       |       |       |    33 ||    33
Invok: Berserk           |     4 |     2 |     5 |    17 |    10 ||    38
       Burn Spellbooks   |       |       |       |     3 |     2 ||     5
       Trog's Hand       |       |       |       |     5 |     1 ||     6
Evoke: Wand              |       |       |       |     5 |       ||     5
  Use: Potion            |     4 |       |       |       |       ||     4
       Scroll            |       |     1 |     6 |    17 |     5 ||    29
 Stab: Sleeping          |     2 |     1 |     2 |       |       ||     5
  Eat: Chunk             |     7 |     5 |    13 |    39 |    20 ||    84
       Fruit             |       |       |       |     1 |       ||     1
Armor: Animal skin       |    23 |       |       |       |       ||    23
       Leather armour    |       |    15 |    19 |       |       ||    34
       Chain mail        |       |       |    87 |   293 |       ||   380
       Skin              |       |       |     1 |       |       ||     1
       Plate armour      |       |       |       |    35 |   287 ||   322
Dodge: Dodged            |    79 |    41 |   223 |   601 |   412 ||  1356
       Rpst.: Falchion   |    22 |    12 |       |       |       ||    34
       Scimitar          |       |       |    68 |   180 |    73 ||   321
       Great sword       |       |       |       |       |     5 ||     5

Table legend:
 A = Spawn XP
 B = Non-spawn XP
 C = Spawn XP percentage of total XP
 D = Spawn monster count
 E = Non-spawn monster count
 F = Spawn count percentage of total count
 G = Total turns spent on level
                    A         B        C        D         E        F      G
               +---------+---------+-------+---------+---------+-------+---------
         Total |    7378 |   56756 |  11.5 |      44 |     412 |   9.6 | 14731
               +---------+---------+-------+---------+---------+-------+---------
           D:1 |       4 |      33 |  10.8 |       2 |      22 |   8.3 |  1460
           D:2 |       7 |      61 |  10.3 |       4 |      19 |  17.4 |   790
           D:3 |       3 |     236 |   1.3 |       2 |       8 |  20.0 |   826
           D:4 |      46 |     617 |   6.9 |       1 |      15 |   6.2 |   683
           D:5 |     118 |     542 |  17.9 |       1 |      25 |   3.8 |   865
           D:6 |     301 |    2078 |  12.7 |       3 |      22 |  12.0 |   666
           D:7 |      82 |     685 |  10.7 |       2 |      15 |  11.8 |   573
           D:8 |     121 |    1754 |   6.5 |       1 |      33 |   2.9 |   658
           D:9 |    2131 |    3000 |  41.5 |       7 |      40 |  14.9 |  1117
          D:10 |     159 |    3417 |   4.4 |       2 |      24 |   7.7 |  1046
          D:11 |     552 |    8124 |   6.4 |       4 |      22 |  15.4 |   880
          D:12 |       0 |       2 |   0.0 |       0 |       1 |   0.0 |     7
        Lair:1 |     266 |    4174 |   6.0 |       2 |      20 |   9.1 |   919
        Lair:2 |       0 |    3787 |   0.0 |       0 |      18 |   0.0 |   881
        Lair:3 |     346 |    2599 |  11.7 |       2 |      13 |  13.3 |   890
        Lair:4 |     145 |    3951 |   3.5 |       1 |      20 |   4.8 |   742
        Lair:5 |    3097 |    8531 |  26.6 |      10 |      28 |  26.3 |  1074
        Lair:6 |       0 |   12823 |   0.0 |       0 |      37 |   0.0 |   451
       Ossuary |       0 |     342 |   0.0 |       0 |      30 |   0.0 |   203
               +---------+---------+-------+---------+---------+-------+---------
